 Dungeon Crawl Stone Soup version 0.23.1 (webtiles) character file.

Game seed: 0

99052 Chiseanne the Spry (level 15, -1/86 HPs)
             Began as a Spriggan Gladiator on Mar 15, 2019.
             Was an Initiate of Gozag.
             Slain by an anaconda (4 damage)
             ... on level 2 of the Snake Pit on Mar 16, 2019.
             The game lasted 02:03:00 (27354 turns).

Chiseanne the Spry (Spriggan Gladiator)            Turns: 27354, Time: 02:03:01

Health: -1/86      AC:  5    Str:  9    XL:     15   Next: 76%
Magic:  27/27      EV: 34    Int: 19    God:    Gozag
Gold:   1457       SH:  0    Dex: 21    Spells: 26/29 levels left

rFire    + + +     SeeInvis +   a - +9 long sword (flame)
rCold    + . .     Gourm    .   (shield restricted)
rNeg     + . .     Faith    .   O - +2 robe {rN+}
rPois    +         Spirit   .   c - +1 hat
rElec    .         Reflect  .   H - scarf {repulsion}
rCorr    .         Harm     .   (gloves unavailable)
MR       ++++.                  (boots unavailable)
Stlth    +++++.....             X - amulet of regeneration
HPRegen  0.64/turn              g - ring of Vodka {*Drain rF+++ Str-3 Slay+4 Stlth-}
MPRegen  0.20/turn              j - ring of Wejuly {rPois rC+ MR++ Int+8 Slay-3}

@: constricted, repel missiles, very quick
A: very small, unfitting armour, see invisible, herbivore, speed 3, slow
metabolism 2
a: Potion Petition, Call Merchant, Bribe Branch, Renounce Religion


You were on level 2 of the Snake Pit.
You worshipped Gozag.
Gozag was most pleased with you.
You were not hungry.

You visited 5 branches of the dungeon, and saw 26 of its levels.
You also visited: Sewer, Ossuary and Volcano.

You collected 7671 gold pieces.
You spent 3446 gold pieces at shops.
You paid 2768 gold pieces to Gozag.

Inventory:

Hand Weapons
 a - a +9 long sword of flaming (weapon)
 d - the +8 quarterstaff of Kethashru {freeze, MR+++ Str+6}
   (You bought it in a shop on level 15 of the Dungeon)

   It has been specially enchanted to freeze those struck by it, causing extra
   injury to most foes and up to half again as much damage against particularly
   susceptible opponents.
   It can also slow down cold-blooded creatures.
   It affects your strength (+6).
   It affects your resistance to hostile enchantments.
 q - a +4 shortbow
 s - a +2 dagger of venom
 w - a +0 blowgun
Missiles
 e - 3 throwing nets (quivered)
 m - 516 arrows
 n - 49 poisoned needles
 I - 10 curare-tipped needles
Armour
 c - a +1 hat (worn)
 H - a scarf of repulsion (worn)
 O - a +2 robe of positive energy (worn)
Jewellery
 g - the ring of Vodka (left hand) {*Drain rF+++ Str-3 Slay+4 Stlth-}
   (You bought it in a shop on level 10 of the Dungeon)

   [ring of attention]

   It affects your strength (-3).
   It affects your accuracy and damage with ranged weapons and melee attacks
   (+4).
   It renders you almost immune to fire.
   It causes draining when unequipped.
   It makes you less stealthy.
 j - the ring of Wejuly (right hand) {rPois rC+ MR++ Int+8 Slay-3}
   (You bought it in a shop on level 5 of the Dungeon)

   [ring of protection from cold]

   It affects your intelligence (+8).
   It affects your accuracy and damage with ranged weapons and melee attacks
   (-3).
   It protects you from cold.
   It protects you from poison.
   It affects your resistance to hostile enchantments.
 Q - an uncursed ring of flight
 X - an amulet of regeneration (around neck)
Wands
 k - a wand of acid (5)
 x - a wand of clouds (4)
 M - a wand of flame (76)
 S - a wand of iceblast (26)
 Y - a wand of digging (3)
Scrolls
 b - a scroll of enchant weapon
 l - 14 scrolls of remove curse
 p - 4 scrolls of fog
 D - 15 scrolls of teleportation
 L - 10 scrolls of identify
 N - 2 scrolls of silence
 R - a scroll of blinking
 T - 3 scrolls of immolation
 U - 4 scrolls of magic mapping
Potions
 h - 3 potions of resistance
 o - 4 potions of flight
 r - a potion of berserk rage
 t - a potion of cancellation
 B - 3 potions of ambrosia
 E - 12 potions of curing
Miscellaneous
 i - a phial of floods
 y - a lightning rod (4/4)
 z - a fan of gales
 Z - a box of beasts
Comestibles
 f - 32 rations


   Skills:
 * Level 13.0 Fighting
 - Level 3.2(10.5) Short Blades
 * Level 12.0(12.1) Long Blades
 - Level 2.0 Throwing
 * Level 20.4 Dodging
 - Level 14.9 Stealth
 * Level 7.9 Spellcasting


You had 26 spell levels left.
You knew the following spells:

 Your Spells              Type           Power        Failure   Level  Hunger
a - Confuse               Hex            #.......     28%         3    None

Your spell library contained the following spells:

 Spells                   Type           Power        Failure   Level  Hunger
 Animate Skeleton         Necr           N/A          10%         1    None
 Beastly Appendage        Tmut           #.....       10%         1    None
 Corona                   Hex            #......      10%         1    None
 Freeze                   Ice            #...         10%         1    None
 Summon Small Mammal      Summ           #...         10%         1    None
 Call Imp                 Summ           #.......     14%         2    None
 Ensorcelled Hibernation  Hex/Ice        #.....       14%         2    None
 Sticks to Snakes         Tmut           #.......     14%         2    None
 Throw Frost              Conj/Ice       #.....       14%         2    None
 Call Canine Familiar     Summ           #.......     28%         3    None
 Dazzling Spray           Conj/Hex       #.....       28%         3    None
 Ozocubu's Armour         Chrm/Ice       #.......     28%         3    None
 Spider Form              Tmut/Pois      #.........   28%         3    None
 Summon Guardian Golem    Hex/Summ       #.......     28%         3    None
 Tukima's Dance           Hex            #.......     28%         3    None
 Ice Form                 Ice/Tmut       #.......     67%         4    ###....
 Summon Ice Beast         Ice/Summ       #.......     67%         4    ###....
 Summon Lightning Spire   Summ/Air       #.......     67%         4    ###....
 Throw Icicle             Conj/Ice       #.......     67%         4    ###....
 Blade Hands              Tmut           #.........   95%         5    #####..
 Bolt of Magma            Conj/Fire/Erth #.........   95%         5    #####..
 Iskenderun's Battlesphe  Conj/Chrm      #.......     95%         5    #####..
 Venom Bolt               Conj/Pois      #.........   95%         5    #####..
 Iron Shot                Conj/Erth      #.........   100%        6    ######.
 Orb of Destruction       Conj           #.........   100%        7    #######
 Spellforged Servitor     Conj/Summ      #.........   100%        7    #######


Dungeon Overview and Level Annotations

Branches:
Dungeon (15/15)            Temple (1/1) D:4            Lair (6/6) D:10
  Swamp (0/4) Lair:4        Snake (2/4) Lair:2        Slime (0/5) Lair:5
    Orc (2/2) D:9             Elf (0/3) Orc:2        Vaults (0/5) D:14
 Depths (0/5) D:15

Altars:
Ashenzari
Cheibriados
Dithmenos
Elyvilon
Fedhas
Gozag
Hepliaklqana
Kikubaaqudgha
Makhleb
Nemelex Xobeh
Okawaru
Qazlal
Ru
Sif Muna
Trog
Uskayaw
Vehumet
Wu Jian
Xom
Yredelemnul
Zin
The Shining One

Shops:
D:4 ?   D:5 =   D:10 =   D:13 %   D:15 [(   Orc:1 %*   Orc:2 !%![}

Portals:
Pandemonium: Orc:2

Annotations:
D:15 1 runed translucent door, Gargoyl's ghost, journeyman CeAK
Lair:1 exclusion: 3 oklob plants
Lair:4 2 transporters, grerr's ghost, journeyman DECj
Snake:2 Vashnia
Orc:2 exclusion: upstairs


Innate Abilities, Weirdness & Mutations

You are very small and have problems with some larger weapons.
You are too small for most types of armour.
You have supernaturally acute eyesight. (SInv)
You are a herbivore.
You cover ground extremely quickly.
You need to consume almost no food.


Message History

The anaconda is severely wounded.
The anaconda misses you. The anaconda constricts you.
The anaconda bites you but does no damage.
The anaconda constricts you.
You hit the anaconda. You burn the anaconda.
The anaconda is almost dead.
The anaconda misses you. The anaconda constricts you.
You completely miss the anaconda.
The anaconda is almost dead.
The anaconda bites you!
* * * LOW HITPOINT WARNING * * *
x2 The anaconda constricts you.
The anaconda misses you.
* * * LOW HITPOINT WARNING * * *
The anaconda constricts you.
You miss the anaconda.
The anaconda is almost dead.
The anaconda bites you!
* * * LOW HITPOINT WARNING * * *
You die...
Your body crumbles into a pile of gold.

#. #....##'###### #..
#....#.......#
..##....#.......#....
#.#.....#.......#....
##.##....#.......#....
#...#....#.......#....
##...#....'.......#....
##....S...##.......#....
#.....#@..#........#....
##....#...##.......#..<.
##..S#....#########....
#...#.................
##..#.................
#...#.................
#...####.#############
##.....###............
##....S..........(...N


You could see an anaconda.

Vanquished Creatures
  Rupert (Lair:5)
  Donald (Orc:2)
  Aizul (Snake:1)
  An orc warlord (Orc:1)
  A fire dragon (Volcano)
  A yaktaur captain (D:15)
  2 vault guards (D:14)
  An ice dragon (Lair:5)
  6 hydras
  A naga warrior (Snake:1)
  Fannar (D:11)
  Erica (D:8)
  An anaconda (Snake:1)
  A centaur warrior (D:15)
  5 two-headed ogres
  A tengu warrior (D:15)
  Sonja (Lair:5)
  3 orc high priests (Orc:2)
  2 shock serpents (Snake:2)
  2 skeletal warriors (D:11)
  3 infernal demonspawn (Orc:2)
  A wizard (D:14)
  An unseen horror (D:15)
  Pikel (D:9)
  A harpy (shapeshifter) (D:15)
  A naga ritualist (Snake:1)
  5 orc knights
  9 orc sorcerers (Orc:2)
  A deep elf mage (D:14)
  5 salamanders
  5 ugly things
  3 cyclopes
  17 black mambas
  16 elephants
  4 naga magi
  A rust devil (Orc:2)
  Psyche (D:11)
  An eye of devastation (Lair:5)
  Maurice (D:13)
  A smoke demon (Orc:2)
  3 gargoyles (D:14)
  6 spiny frogs (Lair:6)
  6 komodo dragons
  A yaktaur (D:15)
  A redback zombie (D:15)
  A kobold demonologist (D:15)
  4 trolls
  2 ice devils (Orc:2)
  4 polar bears (Lair:6)
  4 hornets (Lair:6)
  8 slime creatures
  2 dream sheep (Lair:6)
  14 blink frogs
  7 hippogriffs
  A vampire (D:12)
  13 spriggans
  A wraith (D:14)
  59 yaks
  5 wyverns
  4 fire bats (Volcano)
  9 humans (D:14)
  2 hungry ghosts
  A steam dragon (Volcano)
  9 vampire mosquitoes
  9 nagas
  2 wargs
  2 acid dragons
  2 hell hounds (Volcano)
  Edmund (D:6)
  8 water moccasins
  A hornet zombie (D:14)
  5 porcupines
  An ice beast (D:12)
  27 orc warriors
  3 black bears (Lair:6)
  A sky beast (D:4)
  4 boggarts (Lair:6)
  An eye of draining (Lair:5)
  2 necrophages (D:6)
  5 ogres
  A phantom (D:6)
  9 crocodiles
  14 wolves (Lair:6)
  10 centaurs
  3 big kobolds
  Blork the orc (D:6)
  17 bullfrogs
  A wyvern skeleton (D:7)
  2 scorpions
  5 killer bees (D:12)
  13 wights
  An electric eel (Lair:4)
  8 crimson imps
  2 howler monkeys
  6 lava snakes (Volcano)
  3 jellies
  7 centaur skeletons
  4 centaur zombies
  8 hounds
  16 orc priests
  3 bullfrog skeletons
  3 iguanas
  10 orc wizards
  2 hell rats (Lair:3)
  7 worker ants
  A killer bee zombie (D:8)
  9 mummies
  A worker ant zombie (D:6)
  A howler monkey skeleton (D:8)
  10 adders
  7 river rats
  3 shadow imps
  3 white imps (Lair:5)
  An adder zombie (D:9)
  6 worms
  2 dart slugs
  5 leopard geckos
  70 orcs
  A ball python (D:3)
  13 bats
  7 giant cockroaches
  A gnoll zombie (Ossuary)
  7 goblins
  6 hobgoblins
  18 jackals
  15 kobolds
  3 quokkas
  A ball python skeleton (D:4)
  6 frilled lizards
  A hobgoblin zombie (Ossuary)
  3 kobold zombies (Ossuary)
  A leopard gecko skeleton (D:5)
  3 orc zombies (Ossuary)
  8 rats
  A fungus (Lair:6)
  A plant (Lair:2)
724 creatures vanquished.

Vanquished Creatures (collateral kills)
  An anaconda (Snake:2)
  A skeletal warrior (D:11)
  A mana viper (Snake:2)
3 creatures vanquished.

Vanquished Creatures (others)
  A human (D:14)
  3 slaves (D:9)
  An orc wizard (D:9)
  An adder (D:9)
  A shadow imp (D:9)
  4 orcs (D:9)
  7 fungi
  10 plants
28 creatures vanquished.

Grand Total: 755 creatures vanquished

Notes
Turn   | Place    | Note
-------+----------+-------------------------------------------
     0 | D:1      | Chiseanne the Spriggan Gladiator began the quest for the
                  | Orb.
     0 | D:1      | Reached XP level 1. HP: 10/10 MP: 2/2
   224 | D:1      | Reached skill level 1 in Stealth
   224 | D:1      | Reached XP level 2. HP: 6/15 MP: 3/3
   681 | D:1      | Reached skill level 5 in Dodging
   921 | D:2      | Reached XP level 3. HP: 18/18 MP: 4/4
  1253 | D:2      | Reached XP level 4. HP: 9/23 MP: 5/5
  1803 | D:2      | Noticed a centaur
  1868 | D:2      | Killed a centaur
  1868 | D:2      | Reached skill level 6 in Dodging
  1868 | D:2      | Reached XP level 5. HP: 28/28 MP: 6/6
  2114 | D:3      | Noticed a water moccasin
  2802 | D:3      | Found a shattered altar of Ashenzari.
  3339 | D:4      | Reached skill level 7 in Dodging
  3339 | D:4      | Reached XP level 6. HP: 32/32 MP: 7/7
  3650 | D:4      | Found Teus's Magic Scroll Emporium.
  3688 | D:4      | HP: 1/32 [poisoned by a scorpion]
  3928 | D:4      | Found a staircase to the Ecumenical Temple.
  3943 | Temple   | Entered the Ecumenical Temple
  4320 | D:4      | Noticed a sky beast
  4473 | D:4      | Killed a sky beast
  4666 | D:5      | Entered Level 5 of the Dungeon
  4803 | D:5      | Found Onker's Jewellery Shop.
  4958 | D:5      | Reached skill level 8 in Dodging
  4958 | D:5      | Reached XP level 7. HP: 32/37 MP: 8/8
  4973 | D:5      | Reached skill level 5 in Stealth
  5318 | D:5      | Found an ancient bone altar of Kikubaaqudgha.
  5322 | D:5      | Found a deep blue altar of Sif Muna.
  5323 | D:5      | Found a radiant altar of Vehumet.
  5325 | D:5      | Identified Kikubaaqudgha's Catalogue of Stolen Souls
  5477 | D:6      | Found a glowing drain.
  5493 | Sewer    | Entered a sewer
  5539 | Sewer    | Reached skill level 9 in Dodging
  5618 | D:6      | Found a snail-covered altar of Cheibriados.
  5721 | D:6      | Noticed Edmund
  5827 | D:6      | Found a blossoming altar of Fedhas.
  5829 | D:6      | Noticed Blork the orc
  5989 | D:6      | Reached skill level 5 in Fighting
  6047 | D:6      | Killed Edmund
  6047 | D:6      | Reached XP level 8. HP: 43/43 MP: 9/9
  6122 | D:6      | Found Vame's Magic Scroll Emporium.
  6205 | D:6      | Killed Blork the orc
  6205 | D:6      | Reached skill level 10 in Dodging
  6475 | D:6      | Reached skill level 1 in Long Blades
  6782 | D:7      | Found a shattered altar of Ashenzari.
  6902 | D:7      | Found a white marble altar of Elyvilon.
  7031 | D:7      | Noticed a hippogriff
  7040 | D:7      | Killed a hippogriff
  7040 | D:7      | Reached skill level 11 in Dodging
  7040 | D:7      | Reached XP level 9. HP: 48/48 MP: 10/10
  7178 | D:8      | Found a sand-covered staircase.
  7185 | Ossuary  | Entered an ossuary
  7387 | D:8      | Found an ornate altar of the Wu Jian Council.
  7494 | D:8      | Noticed Erica
  7507 | D:8      | Killed Erica
  7546 | D:8      | Reached skill level 12 in Dodging
  7860 | D:8      | Found a bloodstained altar of Trog.
  8134 | D:8      | Found a bloodstained altar of Trog.
  8134 | D:8      | Found a shadowy altar of Dithmenos.
  8330 | D:9      | Found a sparkling altar of Nemelex Xobeh.
  8331 | D:9      | Found an opulent altar of Gozag.
  8331 | D:9      | Noticed Pikel
  8363 | D:9      | Found an iron altar of Okawaru.
  8400 | D:9      | Killed Pikel
  8401 | D:9      | Found a staircase to the Orcish Mines.
  8492 | D:9      | Became a worshipper of Gozag Ym Sagoz the Greedy
  8544 | D:9      | Noticed a two-headed ogre
  8606 | D:9      | Killed a two-headed ogre
  8606 | D:9      | Reached XP level 10. HP: 55/55 MP: 11/11
  8896 | D:9      | Identified the cursed +0 dagger of the Butterfly {flame,
                  | Str+4}
  8901 | D:9      | Noticed an angel
  8904 | D:9      | Found a glowing silver altar of Zin.
  8904 | D:9      | Found a shimmering altar of Xom.
  9108 | D:9      | Reached skill level 5 in Long Blades
  9113 | D:9      | Reached skill level 13 in Dodging
  9468 | D:10     | Entered Level 10 of the Dungeon
  9541 | D:10     | Reached skill level 10 in Stealth
 10002 | D:10     | Reached XP level 11. HP: 60/60 MP: 12/12
 10330 | D:10     | Reached skill level 14 in Dodging
 10378 | D:10     | Found a staircase to the Lair.
 10801 | D:11     | Noticed a skeletal warrior
 10802 | D:11     | Noticed a skeletal warrior
 10802 | D:11     | Noticed a skeletal warrior
 10804 | D:11     | Noticed a skeletal warrior
 10805 | D:11     | Noticed a skeletal warrior
 10806 | D:11     | Killed a skeletal warrior
 10848 | D:11     | Noticed Psyche
 10858 | D:11     | Killed Psyche
 10956 | D:11     | Killed a skeletal warrior
 11640 | D:12     | Reached skill level 15 in Dodging
 12454 | D:11     | Noticed Fannar
 12468 | D:11     | Reached XP level 12. HP: 56/67 MP: 13/13
 12482 | D:11     | Killed Fannar
 12599 | D:10     | Bought the ring of Vodka {*Drain rF+++ Str-3 Slay+4 Stlth-}
                  | for 598 gold pieces
 12709 | D:13     | Noticed a two-headed ogre
 12868 | D:5      | Bought the ring of Wejuly {rPois rC+ MR++ Int+8 Slay-3} for
                  | 536 gold pieces
 13129 | D:13     | Killed a two-headed ogre
 13131 | D:13     | Noticed a two-headed ogre
 13166 | D:13     | Found a frozen archway.
 13300 | D:13     | Killed a two-headed ogre
 13464 | D:13     | Found Odenid's Food Shop.
 13477 | D:13     | Reached skill level 16 in Dodging
 13642 | D:13     | Noticed a two-headed ogre
 13742 | D:13     | Killed a two-headed ogre
 13742 | D:13     | Reached skill level 10 in Fighting
 13922 | D:13     | Noticed Maurice
 13936 | D:13     | Killed Maurice
 14709 | D:14     | Reached XP level 13. HP: 55/72 MP: 14/14
 15017 | D:14     | Reached skill level 17 in Dodging
 15157 | D:14     | Found a gate to the Vaults.
 15235 | D:15     | Entered Level 15 of the Dungeon
 15288 | D:15     | Found a runed translucent door.
 15289 | D:15     | Noticed Gargoyl's ghost (journeyman CeAK)
 16117 | D:15     | Found a staircase to the Depths.
 16257 | D:15     | Bought a faintly glowing quarterstaff for 288 gold pieces
 16266 | D:15     | Identified the +8 quarterstaff of Kethashru {freeze, MR+++
                  | Str+6} (You bought it in a shop on level 15 of the Dungeon)
 16461 | Orc:1    | Entered Level 1 of the Orcish Mines
 16470 | Orc:1    | Noticed an orc warlord
 16687 | Orc:1    | Killed an orc warlord
 16720 | Orc:1    | Found Neut's Food Boutique.
 16785 | Orc:1    | Found Ciutawn's Commerce Corner.
 16944 | Orc:2    | Entered Level 2 of the Orcish Mines
 16945 | Orc:2    | Found Vuilelyst's Distillery.
 17033 | Orc:2    | Bought a potion of curing for 48 gold pieces
 17033 | Orc:2    | Bought a potion of might for 64 gold pieces
 17033 | Orc:2    | Bought a potion of berserk rage for 80 gold pieces
 17033 | Orc:2    | Bought a potion of agility for 64 gold pieces
 17033 | Orc:2    | Bought a potion of curing for 48 gold pieces
 17052 | Orc:2    | Found a dark tunnel.
 17092 | Orc:2    | Found a staircase to the Elven Halls.
 17445 | Orc:2    | Noticed Donald
 17471 | Orc:2    | Killed Donald
 17471 | Orc:2    | Reached skill level 10 in Long Blades
 17471 | Orc:2    | Reached skill level 18 in Dodging
 17528 | Orc:2    | Found Tyschu's Distillery.
 17529 | Orc:2    | Found Qeonudep's Food Boutique.
 17950 | Orc:2    | Bought a potion of curing for 42 gold pieces
 17950 | Orc:2    | Bought a potion of curing for 42 gold pieces
 17950 | Orc:2    | Bought 2 potions of brilliance for 112 gold pieces
 17950 | Orc:2    | Bought a potion of agility for 56 gold pieces
 17950 | Orc:2    | Bought 2 potions of flight for 84 gold pieces
 17950 | Orc:2    | Bought a potion of might for 56 gold pieces
 17950 | Orc:2    | Bought a potion of ambrosia for 112 gold pieces
 18108 | Orc:2    | Reached XP level 14. HP: 54/79 MP: 15/15
 18559 | Orc:2    | Found Xocaj's Antique Armour Emporium.
 18559 | Orc:2    | Found a one-way gate leading to the halls of Pandemonium.
 18559 | Orc:2    | Found Daecek's Gadget Shoppe.
 18982 | D:6      | Bought a scroll of remove curse for 33 gold pieces
 18982 | D:6      | Bought a scroll of vulnerability for 82 gold pieces
 18982 | D:6      | Bought a scroll of teleportation for 33 gold pieces
 18982 | D:6      | Bought a scroll of remove curse for 33 gold pieces
 18982 | D:6      | Bought a scroll of summoning for 104 gold pieces
 18982 | D:6      | Bought a scroll of enchant armour for 82 gold pieces
 18982 | D:6      | Bought a scroll of enchant armour for 82 gold pieces
 18982 | D:6      | Bought a scroll of identify for 22 gold pieces
 18982 | D:6      | Bought a scroll of identify for 22 gold pieces
 18982 | D:6      | Bought a scroll of identify for 22 gold pieces
 18982 | D:6      | Bought a scroll of enchant armour for 82 gold pieces
 18982 | D:6      | Bought a scroll of silence for 82 gold pieces
 18982 | D:6      | Bought a scroll of teleportation for 33 gold pieces
 19113 | Lair:1   | Entered Level 1 of the Lair of Beasts
 19871 | Lair:2   | Found a staircase to the Snake Pit.
 20493 | Lair:3   | Reached skill level 19 in Dodging
 20689 | Lair:3   | Reached skill level 1 in Spellcasting
 21014 | Lair:4   | Noticed grerr's ghost (journeyman DECj)
 21015 | Lair:4   | Found a transporter.
 21503 | Lair:4   | Found a transporter.
 21647 | Lair:4   | Found a staircase to the Swamp.
 21936 | Lair:5   | Found a staircase to the Slime Pits.
 21939 | Lair:5   | Noticed Sonja
 21973 | Lair:5   | Killed Sonja
 22545 | Lair:5   | Noticed Rupert
 22580 | Lair:5   | Killed Rupert
 22857 | Lair:5   | Reached XP level 15. HP: 70/85 MP: 23/23
 22922 | Lair:6   | Entered Level 6 of the Lair of Beasts
 22927 | Lair:6   | Found a dark tunnel.
 22941 | Lair:6   | Learned a level 3 spell: Confuse
 22943 | Volcano  | Entered a volcano
 22984 | Volcano  | Reached skill level 5 in Spellcasting
 23038 | Volcano  | Found a bloodstained altar of Trog.
 24047 | Lair:5   | Got a serpentine ivory ring
 24053 | Lair:5   | Identified the ring of Icogrece {rPois rN+ MR+ Dex+4} (You
                  | found it on level 5 of the Lair of Beasts)
 24330 | Lair:6   | Reached skill level 20 in Dodging
 25398 | D:4      | Bought a scroll of identify for 28 gold pieces
 25398 | D:4      | Bought a scroll of teleportation for 42 gold pieces
 25398 | D:4      | Bought a scroll of immolation for 49 gold pieces
 25398 | D:4      | Bought a scroll of teleportation for 42 gold pieces
 25398 | D:4      | Bought a scroll of summoning for 133 gold pieces
 25398 | D:4      | Bought a scroll of magic mapping for 49 gold pieces
 25398 | D:4      | Bought a scroll of remove curse for 42 gold pieces
 25398 | D:4      | Bought a scroll of identify for 28 gold pieces
 25398 | D:4      | Bought a scroll of fog for 28 gold pieces
 25398 | D:4      | Bought a scroll of magic mapping for 49 gold pieces
 25400 | D:4      | Bought a scroll of random uselessness for 14 gold pieces
 25919 | Snake:1  | Entered Level 1 of the Snake Pit
 26166 | Snake:1  | Noticed Aizul
 26190 | Snake:1  | Killed Aizul
 26729 | Snake:2  | Noticed a nagaraja
 26733 | Snake:2  | Noticed a nagaraja
 26736 | Snake:2  | Noticed Vashnia
 27354 | Snake:2  | HP: 3/86 [anaconda (12)]
 27354 | Snake:2  | Slain by an anaconda

Skill      XL: |  1  2  3  4  5  6  7  8  9 10 11 12 13 14 15 |
---------------+----------------------------------------------+-----
Stealth        | 1 2 3 4 6 7 9 10 11 13 14 | 14.9
Fighting       | 2 3 4 5 6 7 8 9 10 11 12 13 | 13.0
Dodging        | 5 6 7 8 9 11 12 13 15 16 18 19 20 | 20.4
Long Blades    | 2 4 6 7 9 10 11 12 | 12.0
Spellcasting   | 4 7 |  7.9
Short Blades   | |  3.2
Throwing       | |  2.0

Action                   |  1- 3 |  4- 6 |  7- 9 | 10-12 | 13-15 || total
-------------------------+-------+-------+-------+-------+-------++-------
Melee: Dagger            |    15 |       |    82 |   111 |   110 ||   318
       Rapier            |    99 |   225 |    51 |       |       ||   375
       Long sword        |       |       |    88 |   459 |  1151 ||  1698
       Quarterstaff      |       |       |       |       |    40 ||    40
 Fire: Shortbow          |       |       |    45 |    13 |    40 ||    98
       Blowgun           |       |       |    76 |    44 |    96 ||   216
Throw: Tomahawk          |       |       |       |       |     4 ||     4
Invok: Call Merchant     |       |       |       |     1 |     2 ||     3
Evoke: Wand              |       |       |     6 |     8 |    19 ||    33
  Use: Scroll            |       |    10 |     9 |    10 |     8 ||    37
       Potion            |       |     2 |       |     2 |    22 ||    26
 Stab: Sleeping          |     3 |    13 |    16 |    22 |    33 ||    87
       Distracted        |       |     1 |     2 |    18 |    10 ||    31
       Paralysed         |       |       |     2 |       |       ||     2
       Invisible         |       |       |       |       |     3 ||     3
  Eat: Ration            |       |     3 |     2 |     5 |     6 ||    16
Armor: Robe              |    10 |    11 |    20 |    22 |    62 ||   125
Dodge: Dodged            |    90 |   227 |   233 |   494 |  1683 ||  2727
       Deflected         |       |       |       |       |    14 ||    14
       Rpst.: Long sword |       |       |    40 |   127 |   343 ||   510
